 Dungeon Crawl Stone Soup version 0.22-a0-392-g5dc3fd9 (webtiles) character file.

51 4thArraOfDagon the Skirmisher (level 3, 0/36 HPs)
             Began as a Deep Dwarf Wanderer on May 2, 2018.
             Slain by a centaur skeleton (6 damage)
             ... on level 6 of the Dungeon.
             The game lasted 00:02:10 (462 turns).

4thArraOfDagon the Skirmisher (Deep Dwarf Wanderer)  Turns: 462, Time: 00:02:11

Health: 0/36       AC:  2    Str: 15      XL:     3   Next: 57%
Magic:  2/2        EV: 11    Int: 20      God:
Gold:   51         SH:  0    Dex:  8 (10) Spells: 2/2 levels left

rFire    . . .     SeeInvis .   a - +2 spear
rCold    . . .     Gourm    .   (no shield)
rNeg     . . .     Faith    .   e - +0 robe
rPois    .         Spirit   .   (no helmet)
rElec    .         Reflect  .   (no cloak)
rCorr    .         Harm     .   (no gloves)
MR       .....                  (no boots)
Stlth    ++........             (no amulet)
HPRegen  0.00/turn              (no ring)
MPRegen  0.08/turn              (no ring)

@: brilliant, non-regenerating
A: damage resistance, heal wounds, sense surroundings 1, no regeneration
a: Heal Wounds


You were on level 6 of the Dungeon.
You were not hungry.

You visited 1 branch of the dungeon, and saw 6 of its levels.

You collected 51 gold pieces.

Inventory:

Hand Weapons
 a - a +2 spear (weapon)
 d - a +0 blowgun
 f - a +0 dagger
Missiles
 c - 11 poisoned needles
Armour
 e - a +0 robe (worn)
Potions
 b - 2 potions of degeneration {unknown}
 h - a potion of berserk rage {unknown}
 i - a potion of invisibility {unknown}
 j - a potion of resistance {unknown}
Comestibles
 g - 4 rations


   Skills:
 * Level 4.2 Fighting
 - Level 1.7 Polearms
 - Level 1.7 Throwing
 - Level 1.1 Dodging
 - Level 2.4 Stealth


You had 2 spell levels left.
You didn't know any spells.

Dungeon Overview and Level Annotations

Branches:
Dungeon (6/15)
 Temple: D:4-7

Altars:
Ru

Annotations:
D:3 Terence


Innate Abilities, Weirdness & Mutations

You are resistant to damage.
You can heal yourself by infusing magical energy.
You passively map a small area around you.
You do not regenerate.


Message History

The centaur skeleton hits you!
* * * LOW HITPOINT WARNING * * *
Unknown command.
You see here 2 murky red potions.
Unknown command.
b - 2 murky red potions The centaur skeleton hits you.
* * * LOW HITPOINT WARNING * * *
Unknown command.
Unknown command.
The centaur skeleton hits you.
Unknown command.
The jackal barely misses you.
Unknown command.
Found a sacrificial altar of Ru.
Unknown command.
The jackal barely misses you.
Unknown command.
The centaur skeleton hits you!
You die...

Z.Z....###...# ,
.Z......!#...# ,
ZhZ....#..$..# ,
.##.##.##....#### *.
.##..#..........#####..
,
####.....#...##.......#
.Z######h#.....#.....#
Z.h..Z....hZ5ZhZ.###,,,
.Z########)..###@..# *
### **#...##..#..#*
.........# ..# ***
*..##.####.#* ._# ,*
#.# #..**#.# ... , * ,
,.. ##..*#.. * ## * #)
##. , . , ** ,


You could see a quasit, a water moccasin zombie, 2 jackals, a hound skeleton and
a centaur skeleton.

Vanquished Creatures
  3 oozes
  A dart slug (D:1)
  A leopard gecko (D:1)
  2 orcs (D:5)
  5 hobgoblins
  4 jackals (D:1)
  3 kobolds (D:1)
  A quokka (D:4)
  2 bats
  3 frilled lizards
  4 goblins
  3 rats
32 creatures vanquished.

Notes
Turn   | Place    | Note
-------+----------+-------------------------------------------
     0 | D:1      | 4thArraOfDagon the Deep Dwarf Wanderer began the quest for the Orb.
     0 | D:1      | 4thArraOfDagon set off with: a +2 spear, a potion of lignification, 11 poisoned needles, a +0 blowgun, a +0 robe, a +0 dagger, a ration
     0 | D:1      | Reached XP level 1. HP: 20/20 MP: 1/1
     6 | D:1      | Reached skill level 3 in Fighting
    68 | D:1      | Reached XP level 2. HP: 19/28 MP: 2/2
   120 | D:1      | Reached XP level 3. HP: 25/36 MP: 3/3
   225 | D:2      | Reached skill level 4 in Fighting
   272 | D:2      | Noticed Terence
   367 | D:5      | Entered Level 5 of the Dungeon
   406 | D:5      | Noticed a sky beast
   425 | D:6      | Noticed an ogre
   431 | D:6      | Noticed an ogre
   460 | D:6      | Found a sacrificial altar of Ru.
   462 | D:6      | Slain by a centaur skeleton

Vault maps used:
D:1:      dpeg_arrival_pond, minmay_misc_feat_rows
D:2:      cheibrodos_greedy_goblins, eat_drink_and_be_merry_uskayaw,
          first_ration, uniq_terence
D:3:      led_xom_imps, nicolae_overflow_crystal_walls
D:4:      grunt_qazlal_clouds, lightli_temple_of_fire, okawaru_metal_pillars_3,
          uniq_menkaure, uniq_pikel
D:5:      vehumet_statue, serial_shops, shop_statue, saegor_snake_ambush,
          uniq_sigmund, uniq_ijyb
D:6:      nicolae_overflow_hidden_temple, overflow_temple_1_default, tso_altar,
          serial_undead, serial_undead_b, serial_undead_f, serial_undead_b,
          serial_undead_d, serial_undead_e, serial_undead_f, serial_undead_c,
          serial_undead_d, serial_undead_e, serial_undead_c,
          kennysheep_nondescript

Skill      XL: |  1  2  3 |
---------------+----------+-----
Fighting       | 3 4 |  4.2
Polearms       | |  1.7
Throwing       | |  1.7
Dodging        | |  1.1
Stealth        | |  2.4

Action                   || total
-------------------------++-------
Melee: Spear             ||    93
 Abil: Heal Wounds       ||     2
  Use: Potion            ||     2
 Stab: Sleeping          ||     2
Armor: Skin              ||    18
       Robe              ||    27
Dodge: Dodged            ||    83

Table legend:
 A = Spawn XP
 B = Non-spawn XP
 C = Spawn XP percentage of total XP
 D = Spawn monster count
 E = Non-spawn monster count
 F = Spawn count percentage of total count
 G = Total turns spent on level
                    A         B        C        D         E        F      G
               +---------+---------+-------+---------+---------+-------+---------
         Total |       0 |      73 |   0.0 |       0 |      32 |   0.0 |   462
               +---------+---------+-------+---------+---------+-------+---------
           D:1 |       0 |      44 |   0.0 |       0 |      19 |   0.0 |   180
           D:2 |       0 |      13 |   0.0 |       0 |       8 |   0.0 |   113
           D:4 |       0 |       9 |   0.0 |       0 |       2 |   0.0 |    58
           D:5 |       0 |       7 |   0.0 |       0 |       3 |   0.0 |    58
               +---------+---------+-------+---------+---------+-------+---------
